 Dungeon Crawl Stone Soup version 0.19-a0-1021-g80cc50c (webtiles) character file.

723 JeffiDaFish the Magician (level 7, -6/57 HPs)
             Began as a Yellow Draconian Fire Elementalist on July 27, 2016.
             Was an Initiate of Vehumet.
             Mangled by a wyvern (13 damage)
             ... on level 8 of the Dungeon.
             The game lasted 00:45:43 (5408 turns).

JeffiDaFish the Magician (DrFE)                     Turns: 5408, Time: 00:45:43

Health: -6/57      AC:  6    Str: 10    XL:     7   Next: 43%
Magic:  12/14      EV: 13    Int: 18    God:    Vehumet [......]
Gold:   278        SH:  0    Dex: 11    Spells: 3 memorised, 8 levels left

rFire  . . .     SeeInvis .     u - +2 quarterstaff (chaos)
rCold  . . .     Gourm    .     (armour unavailable)
rNeg   . . .     Faith    .     (shield currently unavailable)
rPois  .         Spirit   .     (helmet restricted)
rElec  .         Dismiss  .     (no cloak)
rCorr  +         Reflect  .     (no gloves)
SustAt .         Harm     .     (no boots)
MR     .....                    (no amulet)
Stlth  ++........               (no ring)
                                (no ring)

@: short of breath, not resistant to hostile enchantments, unstealthy
A: spit acid, acid resistance, unfitting armour, cold-blooded, AC +6
a: Spit Acid, Renounce Religion


You were on level 8 of the Dungeon.
You worshipped Vehumet.
Vehumet was noncommittal.
You were not hungry.

You visited 2 branches of the dungeon, and saw 7 of its levels.

You collected 278 gold pieces.

Inventory:

Hand Weapons
 i - a +0 short sword
 u - a +2 quarterstaff of chaos (weapon)
Armour
 v - a +0 cloak
Wands
 o - a wand of digging (0/24)
Scrolls
 f - 2 scrolls of remove curse
 j - 2 scrolls of random uselessness {unknown}
 l - a scroll of amnesia {unknown}
 p - a scroll of immolation {unknown}
 q - a scroll of fog {unknown}
 r - 7 scrolls of identify {unknown}
 w - a scroll of enchant weapon {unknown}
 x - 2 scrolls of fear {unknown}
 y - a scroll of recharging {unknown}
 A - a scroll of magic mapping {unknown}
Potions
 d - a potion of beneficial mutation {unknown}
 e - 4 potions of agility {unknown}
 g - 2 potions of resistance {unknown}
 k - 4 potions of degeneration {unknown}
 m - a potion of cancellation {unknown}
 n - 2 potions of flight {unknown}
 s - 3 potions of curing {unknown}
 B - a potion of haste {unknown}
Books
 a - a book of Flames

   Spells                             Type                      Level
   a - Flame Tongue                   Conjuration/Fire             1
   b - Throw Flame                    Conjuration/Fire             2
   c - Conjure Flame                  Conjuration/Fire             3
   d - Inner Flame                    Hexes/Fire                   3
   e - Sticky Flame                   Conjuration/Fire             4
   f - Fireball                       Conjuration/Fire             5
Comestibles
 b - 2 bread rations
 c - 2 beef jerkies
 h - 3 meat rations
 t - 2 fruits
 z - a royal jelly
 C - 3 chunks of flesh


   Skills:
 + Level 3.0 Fighting
 - Level 0.2 Short Blades
 + Level 3.3 Dodging
 - Level 2.1 Stealth
 - Level 0.4 Unarmed Combat
 * Level 4.8 Spellcasting
 + Level 3.3 Conjurations
 + Level 4.4 Fire Magic


You had 8 spell levels left.
You knew the following spells:

 Your Spells              Type           Power        Failure   Level  Hunger
a - Flame Tongue          Conj/Fire      ###..        2%          1    None
b - Throw Flame           Conj/Fire      ###...       4%          2    #......
c - Sticky Flame          Conj/Fire      ###.....     28%         4    ####...


Dungeon Overview and Level Annotations

Branches:
Dungeon (5/15)             Temple (1/1) D:5

Altars:
Ashenzari
Cheibriados
Dithmenos
Fedhas
Gozag
Hepliaklqana
Kikubaaqudgha
Makhleb
Nemelex Xobeh
Okawaru
Pakellas
Qazlal
Ru
Sif Muna
Trog
Uskayaw
Vehumet
Xom
Yredelemnul
Zin
The Shining One


Innate Abilities, Weirdness & Mutations

You can spit globs of acid.
You are resistant to acid.
Your golden yellow scales are hard. (AC +6)
Your body does not fit into most forms of armour.
You are cold-blooded and may be slowed by cold attacks.


Message History

Casting: Flame Tongue
Confirm with . or Enter, or press ? or * to list all spells.
Aiming: Flame Tongue
Press: ? - help, Shift-Dir - straight line, f/p - wyvern
Aim: a wyvern (lightly wounded, covered in acid)
The flame tongue hits the wyvern.
The wyvern is moderately wounded.
The wyvern bites you!
* * * LOW HITPOINT WARNING * * *
The wyvern is no longer covered in acid.
The wyvern misses you.
Casting: Flame Tongue
Confirm with . or Enter, or press ? or * to list all spells.
Aiming: Flame Tongue
Press: ? - help, Shift-Dir - straight line, f/p - wyvern
Aim: a wyvern (lightly wounded)
The flame tongue hits the wyvern.
The wyvern is moderately wounded.
The wyvern bites you!
You die...

#.# #.#
#######
##########.#
#.....#
#..........#
###.#.#
#.########.#
#.#.#####.####
#.#
#............#
#.#
#.#l#####.##.#
#.# #.#@#
#.##.#####.# #
#.#
#...........
#.#
#..#........
#.#
#...........
...
............
#.#
#...........
#.# ..#.##...
... ..#. #..#
# #..#


You could see a wyvern.

Vanquished Creatures
  A hippogriff (D:8)
  2 centaurs
  A giant frog skeleton (D:4)
  A hound (D:8)
  A jelly (D:4)
  2 orc priests (D:8)
  Crazy Yiuf (D:3)
  An orc wizard (D:8)
  Ijyb (D:2)
  5 gnolls
  6 adders
  An ooze (D:2)
  5 worms
  5 giant geckos
  11 orcs
  A giant cockroach (D:2)
  9 hobgoblins
  4 jackals (D:3)
  2 quokkas
  5 bats
  2 giant newts (D:1)
  12 goblins
  A jackal skeleton (D:5)
  7 kobolds
  14 rats
  A withered plant (D:2)
102 creatures vanquished.

Notes
Turn   | Place    | Note
-------+----------+-------------------------------------------
     0 | D:1      | JeffiDaFish the Draconian Fire Elementalist began the quest for the Orb.
     0 | D:1      | Reached XP level 1. HP: 14/14 MP: 3/3
    63 | D:1      | You fall through a shaft!
    74 | D:2      | Found a hazy altar of Hepliaklqana.
   253 | D:1      | Reached XP level 2. HP: 18/20 MP: 0/5
   260 | D:1      | Learned a level 2 spell: Throw Flame
   705 | D:1      | Reached XP level 3. HP: 26/26 MP: 0/6
  1389 | D:2      | Found an ancient bone altar of Kikubaaqudgha.
  1394 | D:2      | Noticed Ijyb
  1426 | D:2      | Killed Ijyb
  1426 | D:2      | Reached XP level 4. HP: 17/33 MP: 0/8
  1681 | D:2      | Found a burning altar of Makhleb.
  2104 | D:2      | Found an oddly glowing altar of Pakellas.
  2154 | D:2      | Found a glowing golden altar of the Shining One.
  2527 | D:3      | Learned a level 4 spell: Sticky Flame
  2666 | D:3      | Reached XP level 5. HP: 23/39 MP: 2/9
  3636 | D:3      | Found a runed door.
  3640 | D:3      | Noticed Crazy Yiuf
  3644 | D:3      | Killed Crazy Yiuf
  4051 | D:4      | Reached skill level 1 in Fighting
  4098 | D:4      | Reached XP level 6. HP: 43/47 MP: 2/11
  4159 | D:4      | Found an iron altar of Okawaru.
  4464 | D:5      | Entered Level 5 of the Dungeon
  4539 | D:5      | Found a staircase to the Ecumenical Temple.
  4551 | D:5      | Found a hide-covered altar of Uskayaw.
  4582 | Temple   | Entered the Ecumenical Temple
  4719 | Temple   | Became a worshipper of Vehumet
  4810 | D:5      | You fall through a shaft for 3 floors!
  5032 | D:8      | Noticed an ice beast
  5045 | D:8      | Your scales start taking on a golden yellow colour.
  5045 | D:8      | Reached XP level 7. HP: 34/56 MP: 9/13
  5088 | D:8      | Noticed a hippogriff
  5106 | D:8      | Killed a hippogriff
  5395 | D:8      | Noticed a wyvern
  5408 | D:8      | Mangled by a wyvern

Vault maps used:
D:1:      sevenhm_arrival_forest_fort_small_4, item_on_display_a
D:2:      old_standard_altar, lemuel_doored_altar, kiku_gazebo_garden_becter,
          old_standard_altar, st_stairs_14, johnstein_pakellas_dig, uniq_iyjb
D:3:      first_bread, uniq_crazy_yiuf_cottage
D:4:      lemuel_crystal_altar
D:5:      eat_drink_and_be_merry_uskayaw, basic_altar, corexii_checkpoint_a
Temple:   jpeg_temple_clearing

Skill      XL: |  1  2  3  4  5  6  7 |
---------------+----------------------+-----
Stealth        | 2 |  2.1
Dodging        | 2 3 |  3.3
Spellcasting   | 3 4 |  4.8
Conjurations   | 2 3 |  3.3
Fighting       | 1 2 3 |  3.0
Fire Magic     | 4 |  4.4
Short Blades   | |  0.2
Unarmed Combat | |  0.4

Action                   |  1- 3 |  4- 6 |  7- 9 || total
-------------------------+-------+-------+-------++-------
Melee: Unarmed           |    33 |       |       ||    33
       Tailslap          |     8 |    16 |     1 ||    25
       Short sword       |    43 |   155 |       ||   198
       Quarterstaff      |       |    48 |     7 ||    55
       Punch             |       |     1 |       ||     1
 Cast: Flame Tongue      |    24 |    60 |     4 ||    88
       Throw Flame       |    13 |    40 |     5 ||    58
 Abil: Spit Acid         |       |       |     2 ||     2
Evoke: Wand              |       |     1 |       ||     1
  Use: Scroll            |     1 |       |       ||     1
 Stab: Sleeping          |     3 |     2 |       ||     5
  Eat: Chunk             |     2 |    13 |     1 ||    16
       Beef jerky        |       |     1 |       ||     1
Armor: Skin              |    24 |    34 |     1 ||    59
Dodge: Dodged            |    51 |   102 |    18 ||   171
